 Dungeon Crawl Stone Soup version 0.29.1-1-gd02db6906a (webtiles) character file.

Game seed: 3151541067339753723

84 Tirrikindir the Ducker (level 4, -10/31 HPs)
             Began as an Octopode Fighter on Oct 12, 2022.
             Killed by divine providence
             ... invoked by an orc priest
              (12 damage)
             ... on level 3 of the Dungeon.
             The game lasted 00:05:01 (2343 turns).

Tirrikindir the Ducker (Octopode Fighter)           Turns: 2343, Time: 00:05:02

Health: -10/31     AC:  1    Str: 15    XL:     4   Next: 45%
Magic:  4/4        EV: 13    Int: 10    God:
Gold:   105        SH:  4    Dex: 13    Spells: 3/3 levels left

rFire   . . .      SeeInvis .   a - +0 long sword
rCold   + . .      Faith    .   b - +0 buckler
rNeg    . . .      Spirit   .   (helmet restricted)
rPois   .          Reflect  .   (no amulet)
rElec   .          Harm     .   p - ring of protection from cold
rCorr   .          Rampage  .   (no ring)
Will    .....                   (no ring)
Stlth   +++.......              (no ring)
HPRegen 0.10/turn               (no ring)
MPRegen 0.09/turn               (no ring)
                                (no ring)
                                (no ring)

@: no status effects
A: almost no armour, amphibious, 8 rings, camouflage 1, gelatinous body 1,
(nimble swimmer 1), tentacles
a: no special abilities


You were on level 3 of the Dungeon.
You visited 1 branch of the dungeon, and saw 3 of its levels.

You collected 105 gold pieces.

Inventory:

Hand Weapons
 a - a +0 long sword (weapon)
Missiles
 e - 5 boomerangs (quivered)
Armour
 b - a +0 buckler (worn)
Jewellery
 p - a ring of protection from cold (left tentacle)
Scrolls
 d - 3 scrolls of teleportation
 g - a scroll of butterflies
 h - a scroll of torment {unknown}
 n - a scroll of poison {unknown}
 o - 3 scrolls of immolation
 q - a scroll of blinking
Potions
 c - 2 potions of might
 f - 3 potions of haste
 i - 2 potions of invisibility {unknown}
 j - a potion of lignification {unknown}
 k - a potion of brilliance {unknown}
 l - a potion of mutation {unknown}
 m - a potion of heal wounds {unknown}


   Skills:
 + Level 3.3 Fighting
 * Level 3.0 Long Blades
 + Level 1.0 Throwing
 + Level 3.3 Dodging
 + Level 2.0 Stealth
 + Level 3.2 Shields


You had 3 spell levels left.
You didn't know any spells.
Your spell library was empty.

Dungeon Overview and Level Annotations

Branches:
Dungeon (3/15)

Altars:
Hepliaklqana

Annotations:
D:3 3 runed translucent doors, Arctor's ghost, amateur GrFi


Innate Abilities, Weirdness & Mutations

You cannot wear most types of armour.
You are amphibious.
You can wear up to eight rings at the same time.
Your skin changes colour to match your surroundings (Stealth+).
Your rubbery body absorbs attacks. (AC +1, EV +1)
((You are camouflaged when in or above water. (Stealth+)))
You have tentacles for arms and can constrict up to eight enemies at once.


Message History

A ball python comes into view.
You see here 6 gold pieces.
Found a scroll of blinking.
You see here 8 gold pieces.
You now have 99 gold pieces (gained 8).
You hit the ball python.
You kill the ball python!
You see here a ball python corpse.
You now have 105 gold pieces (gained 6).
HP restored.
You see here a ball python corpse.
Found an escape hatch in the ceiling.
q - a scroll of blinking
Found a stone staircase leading down.
There is an escape hatch in the ceiling here.
A mysterious force pulls you upwards. The hatch slams shut behind you.
(D) Dungeon
Where to? (* - list waypoints, Enter - D:2 @ (x,y), ? - help)
There is a stone staircase leading down here.
You climb downwards.
Level annotation: 3 runed translucent doors, Arctor's ghost, amateur GrFi
There is a stone staircase leading up here.
An orc priest is nearby!
A dart slug comes into view.
The orc shouts! x2; You hear a shout!
The orc priest shouts!
The orc priest begins to cast a cantrip, but forgets the words!
The orc shouts!
The orc priest invokes the aid of Beogh against you.
Pain shoots through your body! The orc hits you with a +0 club.
You closely miss the orc. Your grab misses the orc.
Your squeeze misses the orc.
The orc priest calls down the wrath of Beogh upon you.
Beogh smites you!
* * * LOW HITPOINT WARNING * * *
The orc attacks as you move away! The orc hits you with a +0 club.
* * * LOW HITPOINT WARNING * * *
The orc priest mumbles some strange prayers to Beogh against you.
Beogh smites you!
You die...

#. #.... .. ....
####. #..# # ...#.
...##
#.#####.#.##...#
#..............
........##.#.###
............<..#...
.....wo.@.#.........
....o#o###........#
......oo...........#
......#............#
......######.....>..
..... #######.?
##### ..


You could see 2 orc priests, a dart slug and 3 orcs.

Vanquished Creatures
  2 adders
  2 worms (D:2)
  5 ball pythons
  12 endoplasms
  2 giant cockroaches (D:1)
  7 goblins
  6 hobgoblins
  2 quokkas (D:2)
  5 bats
  4 frilled lizards
  3 kobolds
  3 rats
53 creatures vanquished.

Vanquished Creatures (others)
  4 fungi (D:1)
  9 plants (D:1)
13 creatures vanquished.

Grand Total: 66 creatures vanquished

Notes
Turn   | Place    | Note
-------+----------+-------------------------------------------
     0 | D:1      | Tirrikindir the Octopode Fighter began the quest for the
                  | Orb.
     0 | D:1      | Reached XP level 1. HP: 16/16 MP: 1/1
   193 | D:1      | Reached XP level 2. HP: 20/21 MP: 2/2
   205 | D:1      | Reached skill level 1 in Stealth
   393 | D:1      | Found a faded altar of an unknown god.
   656 | D:2      | HP: 1/21 [worm (6)]
   939 | D:1      | Reached XP level 3. HP: 20/26 MP: 3/3
  1729 | D:3      | Found a hazy altar of Hepliaklqana.
  1756 | D:3      | Reached XP level 4. HP: 27/31 MP: 4/4
  1839 | D:3      | Reached skill level 1 in Throwing
  2142 | D:3      | Identified the +2 ring mail "Doyr Rec" {*Corrode Str+4
                  | Slay+3}
  2143 | D:3      | Found a runed translucent gate.
  2144 | D:3      | Found a runed translucent gate.
  2145 | D:3      | Found a runed translucent gate.
  2146 | D:3      | Noticed Arctor's ghost (amateur GrFi)
  2343 | D:3      | Killed from afar by an orc priest

Illustrated notes

Levels and vault maps discovered:
D:1:      lemuel_arrival_muddy, layout_basic,
          shapermc_ecumenical_altar_acropolis
D:2:      layout_rooms
D:3:      layout_basic, nzn_hepliaklqana_mist_gate, biasface_ghost_orc_armoury,
          minmay_goblin_outpost

Skill      XL: |  1  2  3  4 |
---------------+-------------+-----
Stealth        | 1 2 |  2.0
Throwing       | 1 |  1.0
Long Blades    | 3 |  3.0
Fighting       | |  3.3
Dodging        | |  3.3
Shields        | |  3.2

Action                   |  1- 3 |  4- 6 || total
-------------------------+-------+-------++-------
Melee: Long sword        |    85 |    26 ||   111
       Constrict         |    25 |     4 ||    29
       Tentacles         |    12 |     3 ||    15
       Punch             |     1 |       ||     1
Throw: Boomerang         |     4 |     1 ||     5
  Use: Scroll            |     5 |     1 ||     6
       Potion            |     1 |       ||     1
 Stab: Sleeping          |    14 |       ||    14
Armor: Skin              |     6 |       ||     6
Dodge: Dodged            |    37 |    12 ||    49
Block: Buckler           |    12 |     6 ||    18
